 Dungeon Crawl Stone Soup version 0.27-a0-1545-g3eddc1d3d3 (webtiles) character file.

Game seed: 17049348872111302584

37 nobodylovesbob the Chopper (level 3, 0/34 HPs)
             Began as a Deep Dwarf Berserker on July 13, 2021.
             Was a Follower of Trog.
             Slain by a ball python (1 damage)
             ... on level 2 of the Dungeon.
             The game lasted 00:02:05 (1884 turns).

nobodylovesbob the Chopper (Deep Dwarf Berserker)   Turns: 1884, Time: 00:02:06

Health: 0/34       AC:  3    Str: 21    XL:     3   Next: 23%
Magic:  3/3        EV:  9    Int:  7    God:    Trog [*.....]
Gold:   95         SH:  0    Dex: 12    Spells: 2/2 levels left

rFire    . . .     SeeInvis .   a - +0 hand axe
rCold    . . .     Faith    .   (no shield)
rNeg     . . .     Spirit   .   b - +0 animal skin
rPois    .         Reflect  .   (no helmet)
rElec    .         Harm     .   (no cloak)
rCorr    .         Rampage  .   (no gloves)
Will     .....                  f - +0 pair of boots
Stlth    +.........             (no amulet)
HPRegen  0.00/turn              (no ring)
MPRegen  0.08/turn              (no ring)

@: constricted
A: damage resistance, heal wounds, sense surroundings 1, no regeneration
a: Heal Wounds, Renounce Religion, Berserk


You were on level 2 of the Dungeon.
You worshipped Trog.
Trog was aware of your devotion.
You visited 1 branch of the dungeon, and saw 2 of its levels.

You collected 95 gold pieces.

Inventory:

Hand Weapons
 a - a +0 hand axe (weapon)
Armour
 b - a +0 animal skin (worn)
 f - a +0 pair of boots (worn)
Jewellery
 c - a +6 ring of strength
Scrolls
 d - a scroll of identify {unknown}
 e - a scroll of magic mapping {unknown}


   Skills:
 + Level 3.2 Fighting
 + Level 3.9 Axes
 + Level 2.3 Armour
 + Level 2.5 Dodging
 + Level 0.6 Stealth


You had 2 spell levels left.
You didn't know any spells.
Your spell library was empty.

Dungeon Overview and Level Annotations

Branches:
Dungeon (2/15)

Altars:


Innate Abilities, Weirdness & Mutations

You are resistant to damage.
You can heal yourself by infusing magical energy.
You passively map a small area around you.
You do not regenerate.


Message History

The hobgoblin is severely wounded.
The hobgoblin hits you.
You closely miss the hobgoblin.
The hobgoblin is severely wounded.
The hobgoblin misses you.
You hit the hobgoblin.
The hobgoblin is almost dead.
The hobgoblin hits you but does no damage.
You hit the hobgoblin.
You kill the hobgoblin!
Trog accepts your kill.
You see here a hobgoblin corpse.
Found 12 gold pieces.
A dart slug comes into view.
A dart slug is nearby!
You see here 12 gold pieces.
You now have 95 gold pieces (gained 12).
The dart slug launches a dart at you. The slug dart misses you.
The dart slug launches a dart at you. The slug dart misses you.
You barely miss the dart slug. The dart slug bites you.
You hit the dart slug.
The dart slug is heavily wounded.
The dart slug bites you but does no damage.
You slash the dart slug!
You kill the dart slug!
Trog accepts your kill.
Found a scroll labelled HURIMI OXKI.
A ball python comes into view.
The ball python hisses angrily.
A ball python is nearby!
Found 3 gold pieces.
You hit the ball python but do no damage.
The ball python bites you. The ball python grabs you.
The ball python constricts you.
You hit the ball python.
The ball python is severely wounded.
The ball python bites you.
You die...

...................# * *
...................# * #
,*
..#...............#####.#
.#......................#
...............#..#..#..#
..#####. .....###...###.#
* ..# *###..#..#..#...
..# #....##....#. ..# *
#.#.@........ , ..... ,
#...S......## .....
......#.....#... .....
$.##.###...###.# * .....
# #..#.....#.. .....
#........... ##...
#.#......... *... *
#.#......... * , , *


You could see a ball python.

Vanquished Creatures
  An adder (D:2)
  2 worms (D:2)
  A dart slug (D:2)
  An endoplasm (D:2)
  A giant cockroach (D:1)
  2 goblins (D:1)
  4 hobgoblins
  2 jackals (D:1)
  A quokka (D:1)
  2 ball pythons
  2 bats (D:1)
19 creatures vanquished.

Notes
Turn   | Place    | Note
-------+----------+-------------------------------------------
     0 | D:1      | nobodylovesbob the Deep Dwarf Berserker began the quest for
                  | the Orb.
     0 | D:1      | Reached XP level 1. HP: 20/20 MP: 1/1
   479 | D:1      | Found a faded altar of an unknown god.
   512 | D:1      | Reached XP level 2. HP: 24/27 MP: 2/2
  1793 | D:2      | HP: 1/28 [adder (1)]
  1796 | D:2      | Reached XP level 3. HP: 1/34 MP: 3/3
  1884 | D:2      | Slain by a ball python

Illustrated notes

Levels and vault maps discovered:
D:1:      wander_arrival_lonely_grave, layout_loops_corners,
          shapermc_ecumenical_altar_mp_highgroup
D:2:      layout_basic, basic_altar, minmay_strange_pillars,
          serial_bayou_pond_a, serial_bayou_pond_c,
          hangedman_abyss_or_decor_lesser_grid

Skill      XL: |  1  2 |
---------------+-------+-----
Fighting       | 3 |  3.2
Axes           | |  3.9
Armour         | |  2.3
Dodging        | |  2.5
Stealth        | |  0.6

Action                   || total
-------------------------++-------
Melee: Hand axe          ||    76
  Use: Potion            ||     1
 Stab: Sleeping          ||     3
Armor: Animal skin       ||    22
Dodge: Dodged            ||    45

Table legend: (Time is in decaauts)
 A = Elapsed time spent in this place.
 B = Non-inter-level travel time spent in this place.
 C = Inter-level travel time spent in this place.
 D = Time resting spent in this place.
 E = Time spent auto-exploring this place.
 F = Levels seen in this place.
 G = Mean time per level.
                   A        B        C        D        E       F      G
               +--------+--------+--------+--------+--------+-----+--------+
         Total |   1894 |   1808 |     86 |    756 |    798 |   2 |  947.0 |
       Dungeon |   1894 |   1808 |     86 |    756 |    798 |   2 |  947.0 |
               +--------+--------+--------+--------+--------+-----+--------+

Top non-repeatable levels by time:
     D:1: 1694 daAuts
     D:2: 199 daAuts
